Checkers vs Thunderbirds
Created - January 7, 2025 at 19:28
Goals
|
| Checkers |
0 |
1 |
1 |
2 |
| Thunderbirds |
0 |
3 |
1 |
4 |
|
Shots
|
| Checkers |
4 |
8 |
8 |
20 |
| Thunderbirds |
12 |
6 |
5 |
23 |
|
1st period
No Goal
Penalties :
Viktor Baldayev (Cha) for Hooking (Minor) at 15:20
2nd period
1. Thunderbirds , Rasmus Kupari 6 (Rafael Harvey-Pinard 1, Dylan Blujus 7) at 1:48
2. Thunderbirds , Joachim Blichfeld 26 (Rourke Chartier 29, Jeremy Lauzon 16) at 2:00
3. Thunderbirds , Joachim Blichfeld 27 (Jeremy Lauzon 17, Rourke Chartier 30) at 2:08
4. Checkers , Dylan Gambrell 12 (Andrei Svechnikov 29, Joseph Woll) at 10:12 (PP)
Penalties :
Andrei Svechnikov (Cha) for Slashing (Minor) at 2:59, Anthony Richard (Spr) for Cross-checking (Minor) at 9:34, Grigori Denisenko (Cha) for Slashing (Minor) at 10:41
3rd period
5. Checkers , Mitchell Heard 10 (Matt Puempel 7, John Draeger 7) at 15:58
6. Thunderbirds , Dylan Sikura 11 (Dylan Blujus 8) at 16:54
Penalties :
Viktor Baldayev (Cha) for Cross-checking (Minor) at 12:33, Grigori Denisenko (Cha) for Roughing (Minor) at 17:47
Goalie Stats
Joseph Woll (Cha), 19 saves from 23 shots - (0.826), L, 11-10-2, 60:00 minutes
Magnus Hellberg (Spr), 18 saves from 20 shots - (0.900), W, 4-3-1, 60:00 minutes
Players Stats for Checkers
Player Name G A P +/- PIM S H SB GA TA FO MP PP MP PK MP
------------------------------------------------------------------------------------
Andrei Svechnikov 0 1 1 -2 2 1 1 0 0 0 0/0 16:10 0:38 0:09
Austin Poganski 0 0 0 -1 0 1 1 0 0 0 0/0 14:23 0:00 2:14
Dylan Gambrell 1 0 1 -2 0 1 4 0 0 0 8/24 19:54 0:38 4:10
Grigori Denisenko 0 0 0 0 4 0 1 0 3 0 0/0 14:27 0:00 0:12
John Draeger 0 1 1 -2 0 0 5 0 0 1 0/0 27:03 0:00 4:36
Jordan Harris 0 0 0 -1 0 0 1 1 0 1 0/0 14:09 0:00 0:33
Kale Clague 0 0 0 0 0 1 0 0 0 0 0/0 18:48 0:38 4:46
Kieffer Bellows 0 0 0 0 0 1 2 0 0 0 0/0 14:10 0:00 0:00
Matt Puempel 0 1 1 -1 0 2 3 0 1 2 0/0 14:02 0:00 2:17
Michael Anderson 0 0 0 -1 0 1 0 2 0 0 0/0 14:47 0:00 1:11
Mitchell Heard 1 0 1 -1 0 2 3 0 0 0 4/11 15:53 0:00 3:48
Nick Abruzzese 0 0 0 0 0 4 2 0 0 0 8/11 15:36 0:00 1:25
Patrick Brown 0 0 0 -2 0 2 3 0 0 0 0/1 19:27 0:38 3:54
Roberts Lipsbergs 0 0 0 0 0 0 0 0 1 0 0/0 9:03 0:00 1:09
Shane Bowers 0 0 0 0 0 0 1 0 2 0 0/0 8:26 0:00 0:32
Timothy Liljegren 0 0 0 -2 0 4 1 4 0 0 0/0 28:44 0:38 6:04
Tyce Thompson 0 0 0 0 0 0 0 0 0 0 0/0 7:54 0:00 0:00
Viktor Baldayev 0 0 0 0 4 0 2 1 0 0 0/0 17:04 0:00 2:40
Players Stats for Thunderbirds
Player Name G A P +/- PIM S H SB GA TA FO MP PP MP PK MP
------------------------------------------------------------------------------------
Anthony Richard 0 0 0 0 2 4 2 0 1 0 4/8 19:12 5:04 0:00
Artturi Lehkonen 0 0 0 0 0 0 0 0 0 0 2/3 14:47 0:09 0:38
Dylan Blujus 0 2 2 1 0 0 2 0 0 2 0/0 19:03 0:13 0:14
Dylan Sikura 1 0 1 0 0 3 2 0 0 0 1/1 14:26 0:09 0:00
Emil Bemstrom 0 0 0 0 0 2 1 0 1 0 0/0 15:52 5:05 0:00
Frederic Allard 0 0 0 0 0 0 2 0 0 1 0/0 14:31 0:00 0:14
Henri Jokiharju 0 0 0 2 0 1 0 1 0 1 0/0 21:00 3:55 0:24
Jeremy Lauzon 0 2 2 2 0 1 0 0 0 1 0/0 25:50 6:00 0:24
Joachim Blichfeld 2 0 2 2 0 6 0 0 0 0 0/0 18:27 4:41 0:00
Matt Roy 0 0 0 1 0 0 0 2 0 2 0/0 19:21 3:55 0:00
Michael Rasmussen 0 0 0 2 0 0 1 0 0 0 2/2 18:42 4:38 0:00
Paul Cotter 0 0 0 0 0 1 3 0 0 0 0/0 15:34 5:05 0:00
Rafael Harvey-Pinard 0 1 1 1 0 0 2 0 0 0 0/0 11:03 0:00 0:00
Rasmus Kupari 1 0 1 1 0 3 0 2 0 0 1/3 11:28 0:00 0:00
Rourke Chartier 0 2 2 2 0 1 2 0 0 0 14/22 18:27 4:41 0:00
Sami Niku 0 0 0 0 0 1 2 1 1 0 0/0 19:39 5:47 0:00
Trent Frederic 0 0 0 0 0 0 0 0 1 0 3/8 10:34 0:13 0:38
Trey Fix-Wolansky 0 0 0 1 0 0 0 0 0 0 0/0 11:25 0:00 0:00
3 Stars
1 - Joachim Blichfeld (Spr)
2 - Rourke Chartier (Spr)
3 - Dylan Blujus (Spr)
Power Play
Checkers - 1 on 1 Attempt(s) - 100.00%
Thunderbirds - 0 on 5 Attempt(s) - 0.00%
Penalty Kill
Checkers - 5 on 5 Attempt(s) - 100.00%
- Score 0 goal in Penalty Kill
Thunderbirds - 0 on 1 Attempt(s) - 0.00%
- Score 0 goal in Penalty Kill
Team Stat
Checkers - Hits : 30 - Faceoff Wins : 20 - Blocked Shots : 8 - Penalty Minutes : 10
Thunderbirds - Hits : 19 - Faceoff Wins : 27 - Blocked Shots : 6 - Penalty Minutes : 2
Official
Referees : Michael Markovic and Chris Schlenker
Linesman : Ryan Galloway and Kyle Flemington
Game Notes
7:39 of 1st period - Thunderbirds goal is going for a video replay. After video review, No Goal. The puck has been directed, batted or thrown into the net by an attacking player other than with a stick.
Finance
Level 1 -- Attendance: 2000 (100.00%) -- Ticket Income $140,000
Level 2 -- Attendance: 938 (93.80%) -- Ticket Income $37,520
Total Attendance: 2938 (97.93%)
Total Ticket Income: $177,520
Other Income: $8,876
Total Income: $186,396
Checkers
5 vs 5 Forward
Center Left Wing Right Wing Time % Phy DF OF
1 Dylan Gambrell Andrei Svechnikov Patrick Brown 40 0 2 3
2 Nick Abruzzese Grigori Denisenko Kieffer Bellows 30 0 2 3
3 Mitchell Heard Matt Puempel Austin Poganski 20 0 2 3
4 Shane Bowers Roberts Lipsbergs Tyce Thompson 10 0 2 3
5 vs 5 Defense
Defense Defense Time % Phy DF OF
1 Timothy Liljegren John Draeger 40 0 2 3
2 Kale Clague Viktor Baldayev 30 0 2 3
3 Michael Anderson Jordan Harris 20 0 2 3
4 Timothy Liljegren John Draeger 10 0 2 3
PowerPlay Forward
Center Left Wing Right Wing Time % Phy DF OF
1 Dylan Gambrell Andrei Svechnikov Patrick Brown 60 0 1 4
2 Nick Abruzzese Grigori Denisenko Kieffer Bellows 40 0 1 4
PowerPlay Defense
Defense Defense Time % Phy DF OF
1 Timothy Liljegren Kale Clague 60 0 2 3
2 John Draeger Michael Anderson 40 0 2 3
Penalty Kill 4 Players Forward
Center Wing Time % Phy DF OF
1 Mitchell Heard Patrick Brown 60 0 3 2
2 Dylan Gambrell Austin Poganski 40 0 3 2
Penalty Kill 4 Players Defense
Defense Defense Time % Phy DF OF
1 Timothy Liljegren John Draeger 60 0 4 1
2 Kale Clague Viktor Baldayev 40 0 4 1
Penalty Kill - 3 Players Forward
Forward Time % Phy DF OF
1 Patrick Brown 60 0 3 2
2 Mitchell Heard 40 0 3 2
Penalty Kill - 3 Players Defense
Defense Defense Time % Phy DF OF
1 Timothy Liljegren John Draeger 60 0 4 1
2 Kale Clague Viktor Baldayev 40 0 4 1
4 vs 4 Forward
Center Wing Time % Phy DF OF
1 Dylan Gambrell Andrei Svechnikov 60 0 2 3
2 Nick Abruzzese Patrick Brown 40 0 2 3
4 vs 4 Defense
Defense Defense Time % Phy DF OF
1 Timothy Liljegren John Draeger 60 0 2 3
2 Kale Clague Viktor Baldayev 40 0 2 3
Last Minutes Offensive
Center Left Wing Right Wing Defense Defense
Dylan Gambrell Andrei Svechnikov Patrick Brown Timothy Liljegren John Draeger
Last Minutes Defensive
Center Left Wing Right Wing Defense Defense
Mitchell Heard Roberts Lipsbergs Patrick Brown John Draeger Viktor Baldayev
Goaltenders
Starting : Joseph Woll
Backup : Arvid Soderblom
Extra Forwards
Normal : Nick Abruzzese, Andrei Svechnikov, Dylan Gambrell - PP : Grigori Denisenko, Andrei Svechnikov - PK : Patrick Brown
Extra Defensemen
Normal : Kale Clague, Timothy Liljegren, John Draeger - PP : Michael Anderson - PK : Viktor Baldayev, John Draeger
Penalty Shots
Andrei Svechnikov, Patrick Brown, Roberts Lipsbergs, Nick Abruzzese, Shane Bowers
Custom OT Lines Forwards
Dylan Gambrell, Andrei Svechnikov, Patrick Brown, Grigori Denisenko, Kieffer Bellows, Nick Abruzzese, Mitchell Heard, Matt Puempel, Roberts Lipsbergs, Shane Bowers
Custom OT Lines Defensemen
Timothy Liljegren, Kale Clague, John Draeger, Viktor Baldayev, Michael Anderson
Scratches
Brett Pollock (Healthy), Jared McIsaac (Healthy), Mikhail Abramov (Healthy), Mattias Norlinder (Healthy), Nathan Legare (Healthy)
Kirill Ustimenko (Healthy)
Thunderbirds
5 vs 5 Forward
Center Left Wing Right Wing Time % Phy DF OF
1 Rourke Chartier Michael Rasmussen Joachim Blichfeld 40 1 2 2
2 Anthony Richard Artturi Lehkonen Dylan Sikura 30 1 2 2
3 Trent Frederic Paul Cotter Emil Bemstrom 20 1 2 2
4 Rasmus Kupari Rafael Harvey-Pinard Trey Fix-Wolansky 10 1 2 2
5 vs 5 Defense
Defense Defense Time % Phy DF OF
1 Jeremy Lauzon Henri Jokiharju 40 1 2 2
2 Dylan Blujus Matt Roy 30 1 2 2
3 Frederic Allard Sami Niku 20 1 2 2
4 Jeremy Lauzon Dylan Blujus 10 1 2 2
PowerPlay Forward
Center Left Wing Right Wing Time % Phy DF OF
1 Rourke Chartier Michael Rasmussen Joachim Blichfeld 60 1 2 2
2 Anthony Richard Paul Cotter Emil Bemstrom 40 1 2 2
PowerPlay Defense
Defense Defense Time % Phy DF OF
1 Sami Niku Jeremy Lauzon 60 1 2 2
2 Matt Roy Henri Jokiharju 40 1 2 2
Penalty Kill 4 Players Forward
Center Wing Time % Phy DF OF
1 Trent Frederic Artturi Lehkonen 60 1 2 2
2 Anthony Richard Dylan Sikura 40 1 2 2
Penalty Kill 4 Players Defense
Defense Defense Time % Phy DF OF
1 Henri Jokiharju Jeremy Lauzon 60 1 2 2
2 Dylan Blujus Frederic Allard 40 1 2 2
Penalty Kill - 3 Players Forward
Forward Time % Phy DF OF
1 Trent Frederic 60 1 2 2
2 Anthony Richard 40 1 2 2
Penalty Kill - 3 Players Defense
Defense Defense Time % Phy DF OF
1 Dylan Blujus Henri Jokiharju 60 1 2 2
2 Jeremy Lauzon Frederic Allard 40 1 2 2
4 vs 4 Forward
Center Wing Time % Phy DF OF
1 Rourke Chartier Michael Rasmussen 60 1 2 2
2 Anthony Richard Artturi Lehkonen 40 1 2 2
4 vs 4 Defense
Defense Defense Time % Phy DF OF
1 Henri Jokiharju Dylan Blujus 60 1 2 2
2 Matt Roy Jeremy Lauzon 40 1 2 2
Last Minutes Offensive
Center Left Wing Right Wing Defense Defense
Rourke Chartier Michael Rasmussen Joachim Blichfeld Jeremy Lauzon Sami Niku
Last Minutes Defensive
Center Left Wing Right Wing Defense Defense
Trent Frederic Artturi Lehkonen Dylan Sikura Henri Jokiharju Frederic Allard
Goaltenders
Starting : Magnus Hellberg
Backup : Emil Larmi
Extra Forwards
Normal : Rasmus Kupari, Dylan Sikura, Trey Fix-Wolansky - PP : Trent Frederic, Artturi Lehkonen - PK : Trey Fix-Wolansky
Extra Defensemen
Normal : Frederic Allard, Sami Niku, Jeremy Lauzon - PP : Sami Niku - PK : Frederic Allard, Dylan Blujus
Penalty Shots
Rourke Chartier, Anthony Richard, Joachim Blichfeld, Trey Fix-Wolansky, Rasmus Kupari
Custom OT Lines Forwards
Rourke Chartier, Rafael Harvey-Pinard, Dylan Sikura, Joachim Blichfeld, Anthony Richard, Trent Frederic, Artturi Lehkonen, Michael Rasmussen, Emil Bemstrom, Paul Cotter
Custom OT Lines Defensemen
Jeremy Lauzon, Henri Jokiharju, Dylan Blujus, Frederic Allard, Matt Roy
Scratches
Nathan Smith (Healthy), Calen Addison (Healthy), Pierre Engvall (Lacerated Right Calf Injury), Alex Vlasic (Healthy), Nicholas Robertson (Healthy)
Arturs Silovs (Healthy)
% Time on Ice - Checkers
Lines # - Real PCT - Wanted PCT - Time Play
Normal Forward
1 - 31% - 40% - 15:07
2 - 30% - 30% - 14:47
3 - 24% - 20% - 11:39
4 - 16% - 10% - 7:54
Normal Defense
1 - 39% - 40% - 19:03
2 - 30% - 30% - 14:37
3 - 28% - 20% - 13:36
4 - 4% - 10% - 2:11
PP Forward
1 - 100% - 60% - 0:38
2 - 0% - 40% - 0:00
PP Defense
1 - 100% - 60% - 0:38
2 - 0% - 40% - 0:00
PK Forward
1 - 77% - 60% - 7:41
2 - 23% - 40% - 2:14
PK Defense
1 - 46% - 60% - 4:36
2 - 54% - 40% - 5:19
PK3 Forward
1 - 0% - 60%
2 - 0% - 40%
PK3 Defense
1 - 0% - 60%
2 - 0% - 40%
44 Forward
1 - 0% - 60%
2 - 0% - 40%
44 Defense
1 - 0% - 60%
2 - 0% - 40%
Last Minute Offensive - 0:00
Last Minute Defensive - 0:00
Total
Forward - 60:00
Defense - 60:00
|
% Time on Ice - Thunderbirds
Lines # - Real PCT - Wanted PCT - Time Play
Normal Forward
1 - 28% - 40% - 13:55
2 - 30% - 30% - 14:46
3 - 20% - 20% - 9:43
4 - 22% - 10% - 11:03
Normal Defense
1 - 37% - 40% - 18:18
2 - 31% - 30% - 15:31
3 - 26% - 20% - 12:45
4 - 6% - 10% - 2:53
PP Forward
1 - 49% - 60% - 4:50
2 - 51% - 40% - 5:05
PP Defense
1 - 61% - 60% - 6:00
2 - 39% - 40% - 3:55
PK Forward
1 - 100% - 60% - 0:38
2 - 0% - 40% - 0:00
PK Defense
1 - 63% - 60% - 0:24
2 - 37% - 40% - 0:14
PK3 Forward
1 - 0% - 60%
2 - 0% - 40%
PK3 Defense
1 - 0% - 60%
2 - 0% - 40%
44 Forward
1 - 0% - 60%
2 - 0% - 40%
44 Defense
1 - 0% - 60%
2 - 0% - 40%
Last Minute Offensive - 0:00
Last Minute Defensive - 0:00
Total
Forward - 60:00
Defense - 60:00
|
Play-by-Play
1st period
0:01 of 1st period - Rourke Chartier wins face-off versus Dylan Gambrell in neutral zone.
0:06 of 1st period - Snap shot by Joachim Blichfeld.
0:06 of 1st period - Stopped by Joseph Woll with a rebound.
0:27 of 1st period - Henri Jokiharju is hit by Kieffer Bellows and loses puck.
0:51 of 1st period - Wrist shot by Trey Fix-Wolansky.
0:51 of 1st period - Deflect By Rasmus Kupari.
0:51 of 1st period - Shot Misses the Net.
0:51 of 1st period - Puck is out of play.
0:52 of 1st period - Mitchell Heard wins face-off versus Rasmus Kupari in Checkers zone.
1:19 of 1st period - Shane Bowers is hit by Paul Cotter and loses puck.
2:05 of 1st period - Wrist shot by Dylan Sikura.
2:05 of 1st period - Stopped by Joseph Woll without a rebound.
2:06 of 1st period - Nick Abruzzese wins face-off versus Anthony Richard in Checkers zone.
2:21 of 1st period - Snap shot by Artturi Lehkonen.
2:21 of 1st period - Deflect By Anthony Richard.
2:21 of 1st period - Stopped by Joseph Woll with a rebound.
2:31 of 1st period - Dylan Blujus is hit by Dylan Gambrell and loses puck.
3:30 of 1st period - Tyce Thompson is hit by Dylan Sikura and loses puck.
4:06 of 1st period - Backhand shot by Rourke Chartier.
4:06 of 1st period - Shot Misses the Net.
5:30 of 1st period - Off-side.
5:31 of 1st period - Rourke Chartier wins face-off versus Dylan Gambrell in neutral zone.
5:42 of 1st period - Snap shot by Patrick Brown.
5:42 of 1st period - Shot Misses the Net.
5:59 of 1st period - Snap shot by Andrei Svechnikov.
5:59 of 1st period - Stopped by Magnus Hellberg with a rebound.
6:04 of 1st period - Off-side.
6:05 of 1st period - Anthony Richard wins face-off versus Nick Abruzzese in neutral zone.
6:16 of 1st period - Wrist shot by Nick Abruzzese.
6:16 of 1st period - Stopped by Magnus Hellberg with a rebound.
7:03 of 1st period - Off-side.
7:04 of 1st period - Dylan Gambrell wins face-off versus Rourke Chartier in neutral zone.
7:07 of 1st period - Joachim Blichfeld is hit by Dylan Gambrell and loses puck.
7:35 of 1st period - Snap shot by Anthony Richard.
7:35 of 1st period - Stopped by Joseph Woll with a rebound.
7:37 of 1st period - Backhand shot by Dylan Sikura.
7:37 of 1st period - Shot Blocked by Jordan Harris.
7:39 of 1st period - Wrist shot by Anthony Richard.
7:39 of 1st period - Thunderbirds goal is going for a video replay.
7:39 of 1st period - The goal is refused. The puck has been directed, batted or thrown into the net by an attacking player other than with a stick..
7:40 of 1st period - Dylan Sikura wins face-off versus Dylan Gambrell in Checkers zone.
9:17 of 1st period - Slapshot by Emil Bemstrom.
9:17 of 1st period - Stopped by Joseph Woll with a rebound.
10:05 of 1st period - Snap shot by Joachim Blichfeld.
10:05 of 1st period - Stopped by Joseph Woll with a rebound.
10:56 of 1st period - Wrist shot by Matt Puempel.
10:56 of 1st period - Stopped by Magnus Hellberg with a rebound.
11:27 of 1st period - Icing by Shane Bowers.
11:28 of 1st period - Nick Abruzzese wins face-off versus Anthony Richard in Checkers zone.
11:28 of 1st period - Nick Abruzzese is hit by Dylan Sikura.
11:55 of 1st period - Viktor Baldayev is hit by Rourke Chartier.
12:04 of 1st period - Andrei Svechnikov is hit by Dylan Blujus and loses puck.
12:15 of 1st period - Patrick Brown is hit by Rafael Harvey-Pinard and loses puck.
12:40 of 1st period - Jeremy Lauzon is hit by Austin Poganski and loses puck.
12:49 of 1st period - Snap shot by Mitchell Heard.
12:49 of 1st period - Shot Blocked by Henri Jokiharju.
12:51 of 1st period - Snap shot by Matt Puempel.
12:51 of 1st period - Shot Misses the Net.
13:21 of 1st period - Dylan Blujus is hit by Shane Bowers and loses puck.
13:42 of 1st period - Slapshot by Rasmus Kupari.
13:42 of 1st period - Stopped by Joseph Woll with a rebound.
14:12 of 1st period - Off-side.
14:13 of 1st period - Dylan Gambrell wins face-off versus Rourke Chartier in neutral zone.
15:07 of 1st period - Snap shot by Nick Abruzzese.
15:07 of 1st period - Stopped by Magnus Hellberg without a rebound.
15:08 of 1st period - Nick Abruzzese wins face-off versus Trent Frederic in Thunderbirds zone.
15:13 of 1st period - Snap shot by Grigori Denisenko.
15:13 of 1st period - Shot Misses the Net.
15:20 of 1st period - Minor Penalty to Viktor Baldayev for Hooking.
15:21 of 1st period - Rourke Chartier wins face-off versus Mitchell Heard in Checkers zone.
15:29 of 1st period - Slapshot by Rourke Chartier.
15:29 of 1st period - Shot Blocked by Timothy Liljegren.
15:31 of 1st period - Wrist shot by Rourke Chartier.
15:31 of 1st period - Stopped by Joseph Woll with a rebound.
15:35 of 1st period - Snap shot by Joachim Blichfeld.
15:35 of 1st period - Shot Misses the Net.
15:37 of 1st period - Snap shot by Rourke Chartier.
15:37 of 1st period - Shot Hit the Post.
16:02 of 1st period - Icing by Paul Cotter.
16:03 of 1st period - Anthony Richard wins face-off versus Dylan Gambrell in Thunderbirds zone.
16:14 of 1st period - Timothy Liljegren is hit by Paul Cotter.
16:42 of 1st period - Snap shot by Emil Bemstrom.
16:42 of 1st period - Shot Blocked by Timothy Liljegren.
17:00 of 1st period - Snap shot by Emil Bemstrom.
17:00 of 1st period - Shot Misses the Net.
17:20 of 1st period - Penalty to Viktor Baldayev is over, Viktor Baldayev is back on ice.
17:26 of 1st period - Snap shot by Anthony Richard.
17:26 of 1st period - Stopped by Joseph Woll with a rebound.
17:38 of 1st period - Snap shot by Emil Bemstrom.
17:38 of 1st period - Shot Misses the Net.
17:40 of 1st period - Wrist shot by Sami Niku.
17:40 of 1st period - Deflect By Paul Cotter.
17:40 of 1st period - Stopped by Joseph Woll with a rebound.
17:50 of 1st period - Snap shot by Anthony Richard.
17:50 of 1st period - Shot Blocked by Viktor Baldayev.
17:52 of 1st period - Snap shot by Emil Bemstrom.
17:52 of 1st period - Shot Misses the Net.
17:54 of 1st period - Slapshot by Sami Niku.
17:54 of 1st period - Shot Misses the Net.
17:56 of 1st period - Slapshot by Jeremy Lauzon.
17:56 of 1st period - Stopped by Joseph Woll without a rebound.
17:57 of 1st period - Nick Abruzzese wins face-off versus Rourke Chartier in Checkers zone.
18:41 of 1st period - Viktor Baldayev is hit by Rourke Chartier and loses puck.
18:54 of 1st period - Frederic Allard is hit by John Draeger and loses puck.
19:53 of 1st period - Andrei Svechnikov is hit by Dylan Blujus and loses puck.
Goals for this period are 0 for Checkers vs 0 for Thunderbirds.
Shots for this period are 4 for Checkers vs 12 for Thunderbirds.
2nd period
0:01 of 2nd period - Rourke Chartier wins face-off versus Dylan Gambrell in neutral zone.
0:28 of 2nd period - Trent Frederic is hit by John Draeger and loses puck.
0:51 of 2nd period - Wrist shot by Austin Poganski.
0:51 of 2nd period - Stopped by Magnus Hellberg without a rebound.
0:52 of 2nd period - Rasmus Kupari wins face-off versus Mitchell Heard in Thunderbirds zone.
1:26 of 2nd period - Wrist shot by Mitchell Heard.
1:26 of 2nd period - Stopped by Magnus Hellberg with a rebound.
1:32 of 2nd period - Snap shot by Matt Puempel.
1:32 of 2nd period - Shot Blocked by Rasmus Kupari.
1:42 of 2nd period - Slapshot by Matt Roy.
1:42 of 2nd period - Shot Misses the Net.
1:44 of 2nd period - Backhand shot by Dylan Blujus.
1:44 of 2nd period - Shot Blocked by Michael Anderson.
1:46 of 2nd period - Snap shot by Rafael Harvey-Pinard.
1:46 of 2nd period - Shot Misses the Net.
1:48 of 2nd period - Snap shot by Rasmus Kupari.
1:48 of 2nd period - Goal by Rasmus Kupari - Checkers : 0 - Thunderbirds : 1.
1:49 of 2nd period - Rourke Chartier wins face-off versus Dylan Gambrell in neutral zone.
1:58 of 2nd period - Snap shot by Joachim Blichfeld.
1:58 of 2nd period - Shot Blocked by Timothy Liljegren.
2:00 of 2nd period - Slapshot by Joachim Blichfeld.
2:00 of 2nd period - Goal by Joachim Blichfeld - Checkers : 0 - Thunderbirds : 2.
2:01 of 2nd period - Rourke Chartier wins face-off versus Dylan Gambrell in neutral zone.
2:08 of 2nd period - Slapshot by Jeremy Lauzon.
2:08 of 2nd period - Deflect By Joachim Blichfeld.
2:08 of 2nd period - Goal by Joachim Blichfeld - Checkers : 0 - Thunderbirds : 3.
2:09 of 2nd period - Rourke Chartier wins face-off versus Dylan Gambrell in neutral zone.
2:16 of 2nd period - Wrist shot by Joachim Blichfeld.
2:16 of 2nd period - Shot Misses the Net.
2:36 of 2nd period - Jeremy Lauzon is hit by John Draeger and loses puck.
2:41 of 2nd period - Snap shot by Nick Abruzzese.
2:41 of 2nd period - Stopped by Magnus Hellberg with a rebound.
2:51 of 2nd period - Dylan Sikura is hit by Grigori Denisenko.
2:52 of 2nd period - Icing by Dylan Sikura.
2:53 of 2nd period - Anthony Richard wins face-off versus Dylan Gambrell in Thunderbirds zone.
2:59 of 2nd period - Minor Penalty to Andrei Svechnikov for Slashing.
3:00 of 2nd period - Rourke Chartier wins face-off versus Mitchell Heard in Checkers zone.
3:00 of 2nd period - Wrist shot by Joachim Blichfeld.
3:00 of 2nd period - Stopped by Joseph Woll with a rebound.
3:02 of 2nd period - Backhand shot by Sami Niku.
3:02 of 2nd period - Stopped by Joseph Woll without a rebound.
3:03 of 2nd period - Rourke Chartier wins face-off versus Mitchell Heard in Checkers zone.
3:36 of 2nd period - Jeremy Lauzon is hit by Patrick Brown and loses puck.
4:59 of 2nd period - Penalty to Andrei Svechnikov is over, Andrei Svechnikov is back on ice.
6:40 of 2nd period - Rourke Chartier is hit by Jordan Harris and loses puck.
6:55 of 2nd period - Henri Jokiharju is hit by Mitchell Heard.
7:06 of 2nd period - Henri Jokiharju is hit by Matt Puempel and loses puck.
8:04 of 2nd period - Andrei Svechnikov is hit by Emil Bemstrom and loses puck.
8:28 of 2nd period - Slapshot by Kale Clague.
8:28 of 2nd period - Shot Misses the Net.
8:46 of 2nd period - Snap shot by Paul Cotter.
8:46 of 2nd period - Shot Misses the Net.
9:26 of 2nd period - Michael Anderson is hit by Anthony Richard and loses puck.
9:34 of 2nd period - Minor Penalty to Anthony Richard for Cross-checking.
9:35 of 2nd period - Dylan Gambrell wins face-off versus Trent Frederic in Thunderbirds zone.
9:39 of 2nd period - Snap shot by Andrei Svechnikov.
9:39 of 2nd period - Shot Misses the Net.
9:48 of 2nd period - Icing by Kale Clague.
9:49 of 2nd period - Dylan Gambrell wins face-off versus Trent Frederic in Checkers zone.
10:12 of 2nd period - Wrist shot by Dylan Gambrell.
10:12 of 2nd period - Goal by Dylan Gambrell - Checkers : 1 - Thunderbirds : 3.
10:13 of 2nd period - Dylan Gambrell wins face-off versus Rourke Chartier in neutral zone.
10:41 of 2nd period - Minor Penalty to Grigori Denisenko for Slashing.
10:42 of 2nd period - Rourke Chartier wins face-off versus Mitchell Heard in Checkers zone.
10:43 of 2nd period - Snap shot by Jeremy Lauzon.
10:43 of 2nd period - Shot Blocked by Timothy Liljegren.
12:41 of 2nd period - Penalty to Grigori Denisenko is over, Grigori Denisenko is back on ice.
12:48 of 2nd period - Wrist shot by Nick Abruzzese.
12:48 of 2nd period - Stopped by Magnus Hellberg with a rebound.
13:17 of 2nd period - Dylan Blujus is hit by Matt Puempel and loses puck.
13:33 of 2nd period - Dylan Blujus is hit by John Draeger.
13:43 of 2nd period - Grigori Denisenko is hit by Anthony Richard and loses puck.
14:05 of 2nd period - Frederic Allard is hit by Mitchell Heard and loses puck.
14:34 of 2nd period - Jeremy Lauzon is hit by Dylan Gambrell and loses puck.
14:54 of 2nd period - Jeremy Lauzon is hit by Nick Abruzzese and loses puck.
15:08 of 2nd period - Off-side.
15:09 of 2nd period - Mitchell Heard wins face-off versus Rasmus Kupari in neutral zone.
15:12 of 2nd period - Wrist shot by John Draeger.
15:12 of 2nd period - Deflect By Austin Poganski.
15:12 of 2nd period - Shot Blocked by Sami Niku.
15:12 of 2nd period - Puck is out of play.
15:13 of 2nd period - Rourke Chartier wins face-off versus Dylan Gambrell in Thunderbirds zone.
15:13 of 2nd period - Rourke Chartier is hit by Andrei Svechnikov.
15:28 of 2nd period - Slapshot by Timothy Liljegren.
15:28 of 2nd period - Stopped by Magnus Hellberg without a rebound.
15:29 of 2nd period - Anthony Richard wins face-off versus Nick Abruzzese in Thunderbirds zone.
15:38 of 2nd period - Off-side.
15:39 of 2nd period - Nick Abruzzese wins face-off versus Artturi Lehkonen in neutral zone.
16:16 of 2nd period - Dylan Sikura is hit by Nick Abruzzese and loses puck.
16:36 of 2nd period - Dylan Sikura is hit by Timothy Liljegren and loses puck.
16:57 of 2nd period - Slapshot by Timothy Liljegren.
16:57 of 2nd period - Stopped by Magnus Hellberg with a rebound.
17:51 of 2nd period - Snap shot by Nick Abruzzese.
17:51 of 2nd period - Shot Misses the Net.
18:01 of 2nd period - Slapshot by Timothy Liljegren.
18:01 of 2nd period - Shot Blocked by Matt Roy.
18:22 of 2nd period - Off-side.
18:23 of 2nd period - Michael Rasmussen wins face-off versus Dylan Gambrell in neutral zone.
18:38 of 2nd period - Wrist shot by Kale Clague.
18:38 of 2nd period - Stopped by Magnus Hellberg with a rebound.
18:48 of 2nd period - Kale Clague is hit by Paul Cotter and loses puck.
19:21 of 2nd period - Slapshot by Rasmus Kupari.
19:21 of 2nd period - Stopped by Joseph Woll with a rebound.
19:35 of 2nd period - Joachim Blichfeld is hit by Patrick Brown and loses puck.
Goals for this period are 1 for Checkers vs 3 for Thunderbirds.
Shots for this period are 8 for Checkers vs 6 for Thunderbirds.
3rd period
0:01 of 3rd period - Dylan Gambrell wins face-off versus Rourke Chartier in neutral zone.
1:29 of 3rd period - Snap shot by Rourke Chartier.
1:29 of 3rd period - Shot Misses the Net.
1:31 of 3rd period - Slapshot by Henri Jokiharju.
1:31 of 3rd period - Shot Misses the Net.
1:33 of 3rd period - Backhand shot by Joachim Blichfeld.
1:33 of 3rd period - Stopped by Joseph Woll without a rebound.
1:34 of 3rd period - Nick Abruzzese wins face-off versus Rourke Chartier in Checkers zone.
1:59 of 3rd period - Viktor Baldayev is hit by Frederic Allard and loses puck.
2:26 of 3rd period - Slapshot by Matt Puempel.
2:26 of 3rd period - Shot Misses the Net.
2:28 of 3rd period - Wrist shot by Austin Poganski.
2:28 of 3rd period - Shot Misses the Net.
2:44 of 3rd period - Shane Bowers is hit by Rafael Harvey-Pinard and loses puck.
3:31 of 3rd period - Wrist shot by Patrick Brown.
3:31 of 3rd period - Stopped by Magnus Hellberg without a rebound.
3:32 of 3rd period - Trent Frederic wins face-off versus Patrick Brown in Thunderbirds zone.
3:32 of 3rd period - Trent Frederic is hit by Dylan Gambrell.
3:42 of 3rd period - Snap shot by Andrei Svechnikov.
3:42 of 3rd period - Shot Misses the Net.
3:44 of 3rd period - Wrist shot by Patrick Brown.
3:44 of 3rd period - Deflect By Dylan Gambrell.
3:44 of 3rd period - Shot Blocked by Matt Roy.
3:44 of 3rd period - Puck is out of play.
3:45 of 3rd period - Rourke Chartier wins face-off versus Dylan Gambrell in Thunderbirds zone.
3:50 of 3rd period - Slapshot by Henri Jokiharju.
3:50 of 3rd period - Stopped by Joseph Woll with a rebound.
4:24 of 3rd period - Dylan Blujus is hit by Patrick Brown and loses puck.
4:35 of 3rd period - Slapshot by Timothy Liljegren.
4:35 of 3rd period - Stopped by Magnus Hellberg with a rebound.
4:37 of 3rd period - Snap shot by Patrick Brown.
4:37 of 3rd period - Stopped by Magnus Hellberg with a rebound.
4:43 of 3rd period - Wrist shot by Andrei Svechnikov.
4:43 of 3rd period - Deflect By Patrick Brown.
4:43 of 3rd period - Shot Misses the Net.
4:43 of 3rd period - Puck is out of play.
4:44 of 3rd period - Rourke Chartier wins face-off versus Nick Abruzzese in Thunderbirds zone.
4:57 of 3rd period - Wrist shot by Kieffer Bellows.
4:57 of 3rd period - Stopped by Magnus Hellberg without a rebound.
4:58 of 3rd period - Rourke Chartier wins face-off versus Mitchell Heard in Thunderbirds zone.
4:58 of 3rd period - Rourke Chartier is hit by Mitchell Heard.
5:04 of 3rd period - Michael Rasmussen is hit by Viktor Baldayev and loses puck.
5:32 of 3rd period - Wrist shot by Joachim Blichfeld.
5:32 of 3rd period - Shot Misses the Net.
5:57 of 3rd period - Slapshot by Emil Bemstrom.
5:57 of 3rd period - Shot Blocked by Michael Anderson.
6:34 of 3rd period - Austin Poganski is hit by Sami Niku and loses puck.
6:45 of 3rd period - Timothy Liljegren is hit by Frederic Allard and loses puck.
7:40 of 3rd period - Matt Puempel is hit by Sami Niku and loses puck.
8:49 of 3rd period - Slapshot by Timothy Liljegren.
8:49 of 3rd period - Stopped by Magnus Hellberg with a rebound.
9:24 of 3rd period - Wrist shot by Mitchell Heard.
9:24 of 3rd period - Deflect By Matt Puempel.
9:24 of 3rd period - Shot Blocked by Rasmus Kupari.
9:24 of 3rd period - Puck is out of play.
9:25 of 3rd period - Michael Rasmussen wins face-off versus Dylan Gambrell in Thunderbirds zone.
9:52 of 3rd period - Slapshot by Michael Anderson.
9:52 of 3rd period - Stopped by Magnus Hellberg with a rebound.
10:18 of 3rd period - Snap shot by Jeremy Lauzon.
10:18 of 3rd period - Shot Misses the Net.
10:20 of 3rd period - Snap shot by Emil Bemstrom.
10:20 of 3rd period - Deflect By Trent Frederic.
10:20 of 3rd period - Shot Misses the Net.
10:20 of 3rd period - Puck is out of play.
10:21 of 3rd period - Artturi Lehkonen wins face-off versus Dylan Gambrell in Checkers zone.
11:17 of 3rd period - Wrist shot by Shane Bowers.
11:17 of 3rd period - Shot Misses the Net.
11:19 of 3rd period - Wrist shot by Tyce Thompson.
11:19 of 3rd period - Shot Misses the Net.
11:34 of 3rd period - Snap shot by Rourke Chartier.
11:34 of 3rd period - Shot Misses the Net.
11:36 of 3rd period - Snap shot by Rourke Chartier.
11:36 of 3rd period - Shot Misses the Net.
12:33 of 3rd period - Minor Penalty to Viktor Baldayev for Cross-checking.
12:34 of 3rd period - Nick Abruzzese wins face-off versus Rourke Chartier in Checkers zone.
12:47 of 3rd period - Wrist shot by Rourke Chartier.
12:47 of 3rd period - Shot Misses the Net.
13:21 of 3rd period - Michael Anderson is hit by Michael Rasmussen and loses puck.
14:33 of 3rd period - Penalty to Viktor Baldayev is over, Viktor Baldayev is back on ice.
14:56 of 3rd period - Emil Bemstrom is hit by Kieffer Bellows and loses puck.
15:04 of 3rd period - Icing by Trent Frederic.
15:05 of 3rd period - Nick Abruzzese wins face-off versus Anthony Richard in Thunderbirds zone.
15:20 of 3rd period - Michael Rasmussen is hit by Viktor Baldayev.
15:44 of 3rd period - Icing by Kale Clague.
15:45 of 3rd period - Artturi Lehkonen wins face-off versus Mitchell Heard in Checkers zone.
15:46 of 3rd period - Snap shot by Dylan Sikura.
15:46 of 3rd period - Stopped by Joseph Woll without a rebound.
15:47 of 3rd period - Mitchell Heard wins face-off versus Anthony Richard in Checkers zone.
15:56 of 3rd period - Wrist shot by Matt Puempel.
15:56 of 3rd period - Stopped by Magnus Hellberg with a rebound.
15:58 of 3rd period - Wrist shot by Mitchell Heard.
15:58 of 3rd period - Goal by Mitchell Heard - Checkers : 2 - Thunderbirds : 3.
15:59 of 3rd period - Trent Frederic wins face-off versus Dylan Gambrell in neutral zone.
16:29 of 3rd period - Snap shot by Rourke Chartier.
16:29 of 3rd period - Shot Misses the Net.
16:54 of 3rd period - Wrist shot by Dylan Sikura.
16:54 of 3rd period - Goal by Dylan Sikura - Checkers : 2 - Thunderbirds : 4.
16:55 of 3rd period - Dylan Gambrell wins face-off versus Trent Frederic in neutral zone.
17:06 of 3rd period - Snap shot by Emil Bemstrom.
17:06 of 3rd period - Stopped by Joseph Woll without a rebound.
17:07 of 3rd period - Trent Frederic wins face-off versus Dylan Gambrell in Checkers zone.
17:11 of 3rd period - Icing by Dylan Gambrell.
17:12 of 3rd period - Dylan Gambrell wins face-off versus Trent Frederic in Checkers zone.
17:17 of 3rd period - Trent Frederic is hit by John Draeger and loses puck.
17:47 of 3rd period - Minor Penalty to Grigori Denisenko for Roughing.
17:48 of 3rd period - Mitchell Heard wins face-off versus Rourke Chartier in Checkers zone.
19:32 of 3rd period - Michael Rasmussen is hit by Matt Puempel and loses puck.
19:47 of 3rd period - Penalty to Grigori Denisenko is over, Grigori Denisenko is back on ice.
Goals for this period are 1 for Checkers vs 1 for Thunderbirds.
Shots for this period are 8 for Checkers vs 5 for Thunderbirds.